 Dungeon Crawl Stone Soup version 0.26-a0-651-gb41185065b (webtiles) character file.

Game seed: 7607790210369827973

298 Irenicus the Carver (level 6, -3/51 HPs)
             Began as a Minotaur Chaos Knight on Oct 29, 2020.
             Was a Plaything of Xom.
             Slain by a bullfrog (4 damage)
             ... on level 6 of the Dungeon.
             The game lasted 00:04:26 (1907 turns).

Irenicus the Carver (Minotaur Chaos Knight)         Turns: 1907, Time: 00:04:27

Health: -3/51      AC:  8    Str: 17    XL:     6   Next: 13%
Magic:  0/5        EV: 11    Int: 11    God:    Xom [.....*]
Gold:   147        SH:  0    Dex: 11    Spells: 5/5 levels left

rFire    . . .     SeeInvis .   a - +1 falchion (chaos)
rCold    . . .     Faith    .   (no shield)
rNeg     . . .     Spirit   +   b - +2 leather armour
rPois    .         Reflect  .   (helmet restricted)
rElec    .         Harm     .   o - +1 cloak {Stlth+}
rCorr    .         Rampage  .   e - +0 pair of gloves (curse)
MR       +....                  (no boots)
Stlth    +.........             h - amulet of guardian spirit {Spirit}
HPRegen  0.17/turn              g - ring of flight {+Fly, !d}
MPRegen  0.09/turn              (no ring)

@: stab
A: retaliatory headbutt, horns 2, clever 1, magic resistance 1, wild magic 1,
MP-powered wands
a: Renounce Religion, Evoke Flight


You were on level 6 of the Dungeon.
You worshipped Xom.
You were Xom's teddy bear.
You visited 1 branch of the dungeon, and saw 4 of its levels.

You collected 147 gold pieces.

Inventory:

Hand Weapons
 a - a +1 falchion of chaos (weapon)
Armour
 b - a +2 leather armour (worn)
 e - a cursed +0 pair of gloves (worn)
   (You found it on level 1 of the Dungeon)
 f - a +0 buckler
   (You found it on level 1 of the Dungeon)
 o - a +1 cloak of stealth (worn)
   (You took it off Crazy Yiuf on level 2 of the Dungeon)
Jewellery
 g - a ring of flight (left hand) {+Fly, !d}
   (You found it on level 2 of the Dungeon)
 h - an amulet of guardian spirit (around neck) {Spirit}
   (You found it on level 2 of the Dungeon)
Wands
 q - a wand of random effects (22)
   (You found it on level 6 of the Dungeon)
Scrolls
 c - a scroll of fear {unknown}
 d - 2 scrolls of identify
 j - a scroll of blinking {unknown}
 l - a scroll of fog {unknown}
 m - a scroll of teleportation {unknown}
 p - a scroll of amnesia {unknown}
 r - a scroll of enchant weapon
Potions
 i - a potion of degeneration {unknown}
 n - a potion of stabbing


   Skills:
 - Level 3.6 Fighting
 + Level 8.3 Long Blades
 - Level 2.4 Armour
 - Level 1.1 Dodging


You had 5 spell levels left.
You didn't know any spells.
Your spell library was empty.

Dungeon Overview and Level Annotations

Branches:
Dungeon (3/15)             Temple (0/1) D:6

Altars:
Ashenzari


Innate Abilities, Weirdness & Mutations

You reflexively headbutt those who attack you in melee.
You have a pair of horns on your head.
Your mind is acute. (Int +2)
You are resistant to hostile enchantments. (MR+)
Your spells are a little harder to cast, but a little more powerful.
You expend magic power (3 MP) to strengthen your wands.


Message History

Your base attributes are Str 17, Int 9, Dex 10.
Increase (s)trength, (i)ntelligence, or (d)exterity?
You feel agile. The adder closely misses you.
You riposte.
You hit the adder.
The adder seems to slow down.
The adder is heavily wounded.
The adder bites you.
You are poisoned.
The adder poisons you!
You regained 3 hp, and now have 32/51 hp.
You hit the adder.
You feel better.
The adder is severely wounded.
You feel sick.
You slash the adder!
The adder seems to slow down.
You freeze the adder.
You kill the adder!
You feel sick.
You take 1 damage, and have 33/51 hp.
You feel sick.
You take 1 damage, and have 32/51 hp.
You see here a wand of random effects (22).
q - a wand of random effects (22)
You feel sick.
You take 1 damage, and have 32/51 hp.
Found a stone staircase leading down.
You feel sick.
You are no longer poisoned.
r - a scroll of enchant weapon A killer bee zombie comes into view.
MP restored: 5 The killer bee zombie hits you but does no damage. x2
You closely miss the killer bee zombie.
The killer bee zombie barely misses you.
You barely miss the killer bee zombie. The killer bee zombie hits you.
The killer bee zombie barely misses you.
You furiously retaliate!
You headbutt the killer bee zombie!
You riposte.
You barely miss the killer bee zombie.
The killer bee zombie is heavily damaged.
You take 2 damage, and have 32/51 hp.
You now have 4/5 mp.
You hit the killer bee zombie.
The killer bee zombie flickers and vanishes!
Deactivating autopickup; reactivate with Ctrl-A.
Your headbutt misses something. Something hits you but does no damage.
You barely miss something. You headbutt something. Something hits you.
Something hits you but does no damage.
You take 2 damage, and have 30/51 hp.
You now have 3/5 mp.
You miss something. Something hits you but does no damage. Something hits you.
You take 4 damage, and have 26/51 hp.
You now have 2/5 mp.
You slash something! Something hits you!
You take 6 damage, and have 20/51 hp.
You now have 1/5 mp.
You miss something. Your headbutt misses something. Something hits you. x2
You take 2 damage, and have 18/51 hp.
You closely miss something. Your headbutt misses something. Something hits you!
* * * LOW HITPOINT WARNING * * *
Something hits you!
* * * LOW HITPOINT WARNING * * *
You take 14 damage, and have 4/51 hp.
MASSIVE DAMAGE!!
It was a potion of stabbing.
You feel ready to backstab.
Xom thinks this is hilarious!
Something barely misses you.
It was a potion of curing.
You feel better. Something hits you but does no damage. Something hits you.
* * * LOW HITPOINT WARNING * * *
You regained 4 hp, and now have 8/51 hp.
Something hits you.
* * * LOW HITPOINT WARNING * * *
You feel better.
Something hits you but does no damage. x2
You regained 11 hp, and now have 19/51 hp.
You closely miss something. Something hits you!
* * * LOW HITPOINT WARNING * * *
Something hits you.
* * * LOW HITPOINT WARNING * * *
You take 9 damage, and have 10/51 hp.
You now have 0/5 mp.
You hit something.
Reactivating autopickup.
You feel a bit more experienced.
A bullfrog comes into view.
The bullfrog croaks.
A leopard gecko comes into view.
A phantom comes into view.
The leopard gecko hisses angrily.
An ufetubus comes into view.
An orc comes into view. It is wielding a -3 whip.
You hit the bullfrog. You burn the bullfrog.
The bullfrog is moderately wounded.
The bullfrog misses you. You furiously retaliate!
You headbutt the bullfrog, but do no damage.
You hit the bullfrog.
The bullfrog is heavily wounded.
The bullfrog hits you but does no damage.
The bullfrog hits you.
* * * LOW HITPOINT WARNING * * *
You take 5 damage, and have 7/51 hp.
You barely miss the bullfrog.
The bullfrog is heavily wounded.
The bullfrog hits you!
* * * LOW HITPOINT WARNING * * *
The bullfrog hits you.
You die...
Xom titters!

.............. .#.........#
.##.##.##.## ##.........#
##.#.#...#.# ##.#.....#.#
### ...#...#.#.##### #+#..
####.....#.....#####.#.##
#......#.#..##..@....#..###
#.##.....#..##...Fl........
# #.#......###.........##
#.#.#.##.# #..........#
..#.#....# #.....W...##
####.#.#### ######....#
#...# #....?... ##..#
###..##.. #.># .... .


You could see a phantom, a bullfrog and a leopard gecko.

Vanquished Creatures
  A bullfrog (D:6)
  A jelly (D:6)
  Crazy Yiuf (D:2)
  An orc priest (D:2)
  A hound (D:6)
  A killer bee zombie (D:6)
  2 adders
  An ooze (D:1)
  5 dart slugs
  2 leopard geckos (D:1)
  3 orcs (D:2)
  8 bats
  4 giant cockroaches
  2 goblins
  13 hobgoblins
  3 jackals
  A quokka (D:2)
  A ball python (D:3)
  A frilled lizard (D:1)
  6 kobolds
  A quokka skeleton (D:6)
  4 rats
63 creatures vanquished.

Vanquished Creatures (others)
  7 plants (D:1)
7 creatures vanquished.

Grand Total: 70 creatures vanquished

Notes
Turn   | Place    | Note
-------+----------+-------------------------------------------
     0 | D:1      | Irenicus the Minotaur Chaos Knight began the quest for the
                  | Orb.
     0 | D:1      | Reached XP level 1. HP: 19/19 MP: 0/0
    33 | D:1      | Reached skill level 4 in Long Blades
    43 | D:1      | Reached XP level 2. HP: 24/26 MP: 1/1
   131 | D:1      | XOM: silly message
   239 | D:1      | XOM: silly message
   255 | D:1      | Reached skill level 5 in Long Blades
   256 | D:1      | XOM: potion effect (stabbing)
   256 | D:1      | Reached XP level 3. HP: 19/31 MP: 2/2
   340 | D:1      | XOM: divination: detect creatures
  1008 | D:2      | XOM: divination: detect creatures
  1010 | D:2      | XOM: potion effect (berserk rage)
  1016 | D:2      | Reached skill level 6 in Long Blades
  1016 | D:2      | Reached XP level 4. HP: 39/39 MP: 3/3
  1405 | D:2      | Found a runed translucent door.
  1406 | D:2      | Noticed Crazy Yiuf
  1427 | D:2      | Found a faded altar of an unknown god.
  1616 | D:2      | XOM: potion effect (invisibility)
  1617 | D:2      | XOM: 4-stop teleportation journey
  1648 | D:2      | XOM: give mutations
  1648 | D:2      | Gained mutation: You expend magic power (3 MP) to
                  | strengthen your wands. [Xom's grace]
  1648 | D:2      | Gained mutation: You are resistant to hostile enchantments.
                  | (MR+) [Xom's grace]
  1648 | D:2      | Gained mutation: Your mind is acute. (Int +2) [Xom's grace]
  1648 | D:2      | Gained mutation: Your spells are a little harder to cast,
                  | but a little more powerful. [Xom's grace]
  1660 | D:2      | Killed Crazy Yiuf
  1660 | D:2      | Reached XP level 5. HP: 45/45 MP: 4/4
  1742 | D:3      | Reached skill level 7 in Long Blades
  1806 | D:3      | You fall into a shaft and drop 3 floors!
  1814 | D:6      | Found a broken altar of Ashenzari.
  1835 | D:6      | Found a staircase to the Ecumenical Temple.
  1851 | D:6      | Reached skill level 8 in Long Blades
  1851 | D:6      | Reached XP level 6. HP: 33/51 MP: 2/5
  1888 | D:6      | HP: 11/51 [something (7)]
  1888 | D:6      | HP: 4/51 [something (7)]
  1894 | D:6      | HP: 10/51 [something (3)]
  1905 | D:6      | HP: 7/51 [bullfrog (5)]
  1907 | D:6      | HP: 1/51 [bullfrog (6)]
  1907 | D:6      | Slain by a bullfrog

Illustrated notes

Levels and vault maps discovered:
D:1:      minmay_arrival_four_houses, layout_basic, serial_forest,
          infiniplex_forest_lined_room_2, infiniplex_forest_clump_diagonal,
          infiniplex_forest_straight_2, infiniplex_forest_clump_C,
          infiniplex_forest_lined_3, infiniplex_forest_end_3,
          infiniplex_forest_clump_medium, infiniplex_forest_clump_medium
D:2:      layout_loops_cross, chequers_ecumenical_altar_grove,
          minmay_tromino_v4_b, uniq_crazy_yiuf_cottage
D:3:      layout_rooms, minmay_unequal
D:6:      cheibrodos_fertilizer, layout_basic, evilmike_ruin_ashenzari,
          minmay_temple_entry_large_hall, minmay_ruined_shrine

Skill      XL: |  1  2  3  4  5 |
---------------+----------------+-----
Long Blades    | 4 5 6 8 |  8.3
Fighting       | |  3.6
Armour         | |  2.4
Dodging        | |  1.1

Action                   |  1- 3 |  4- 6 || total
-------------------------+-------+-------++-------
Melee: Falchion          |    68 |    72 ||   140
       Headbutt          |     9 |    11 ||    20
  Use: Scroll            |     2 |       ||     2
       Potion            |       |     3 ||     3
 Stab: Invisible         |       |     1 ||     1
       Petrified         |       |     2 ||     2
Armor: Leather armour    |    24 |    38 ||    62
Dodge: Dodged            |    36 |    31 ||    67
       Rpst.: Falchion   |     8 |     7 ||    15

Table legend: (Time is in decaauts)
 A = Elapsed time spent in this place.
 B = Non-inter-level travel time spent in this place.
 C = Inter-level travel time spent in this place.
 D = Time resting spent in this place.
 E = Time spent auto-exploring this place.
 F = Levels seen in this place.
 G = Mean time per level.
                   A        B        C        D        E       F      G
               +--------+--------+--------+--------+--------+-----+--------+
         Total |   1914 |   1786 |    128 |      0 |   1360 |   4 |  478.5 |
       Dungeon |   1914 |   1786 |    128 |      0 |   1360 |   4 |  478.5 |
               +--------+--------+--------+--------+--------+-----+--------+

Top non-repeatable levels by time:
     D:1: 933 daAuts
     D:2: 800 daAuts
     D:6: 98 daAuts
     D:3: 82 daAuts

Table legend:
 A = Kills in this place as a percentage of kills in entire the game.
 B = Kills by you in this place as a percentage of kills by you in the entire game.
 C = Kills by friends in this place as a percentage of kills by friends in the entire game.
 D = Other kills in this place as a percentage of other kills in the entire game.
 E = Experience gained in this place as a percentage of experience gained in the entire game.
 F = Experience gained in this place divided by the number of levels of this place that you have seen.
                   A       B       C       D       E      F
               +-------+-------+-------+-------+-------+----------------------
         Total | 100.0 | 100.0 |   N/A |   N/A | 100.0 | 106.8
       Dungeon | 100.0 | 100.0 |   N/A |   N/A | 100.0 | 106.8
               +-------+-------+-------+-------+-------+----------------------
